 Dungeon Crawl Stone Soup version 0.28.0-53-g5a82cb258f (console) character file.

Game seed: 2381183615525366703

4224 thiole the Frost Mage (level 10, -12/60 HPs)
             Began as an Octopode Hedge Wizard on May 29, 2022.
             Was an Initiate of Gozag.
             Mangled by a yak (14 damage)
             ... in an ice cave.
             The game lasted 00:48:55 (13100 turns).

thiole the Frost Mage (Octopode Hedge Wizard)      Turns: 13100, Time: 00:48:55

Health: -12/60     AC:  7    Str: 10    XL:     10   Next: 30%
Magic:  0/22       EV: 13    Int: 27    God:    Gozag
Gold:   47         SH:  0    Dex: 13    Spells: 19/25 levels left

rFire   + . .      SeeInvis +   e - +3 dagger (speed)
rCold   . . .      Faith    .   (no shield)
rNeg    + . .      Spirit   +   b - +0 hat
rPois   .          Reflect  .   a - amulet of guardian spirit
rElec   .          Harm     .   n - ring of positive energy
rCorr   .          Rampage  .   d - +6 ring of intelligence
Will    .....      Rage     1%  r - ring of protection from fire
Stlth   ++++......              v - +4 ring of protection
HPRegen 0.20/turn               c - ring of see invisible
MPRegen 0.18/turn               (no ring)
                                (no ring)
                                (no ring)

@: no status effects
A: almost no armour, amphibious, 8 rings, camouflage 1, gelatinous body 1,
(nimble swimmer 1), tentacles, iridescent scales 1, agile 1, berserk 1
a: Renounce Religion, Potion Petition, Call Merchant, Bribe Branch


You were in an ice cave.
You worshipped Gozag.
Gozag was noncommittal.
You visited 3 branches of the dungeon, and saw 11 of its levels.
You also visited: Ice Cave.

You collected 851 gold pieces.
You spent 663 gold pieces at shops.
You paid 141 gold pieces to Gozag.

Inventory:

Hand Weapons
 e - a +3 dagger of speed (weapon)
Armour
 b - a +0 hat (worn)
Jewellery
 a - an amulet of guardian spirit (around mantle)
 c - a ring of see invisible (on tentacle)
 d - a +6 ring of intelligence (right tentacle)
 n - a ring of positive energy (left tentacle)
 r - a ring of protection from fire (on tentacle)
 v - a +4 ring of protection (on tentacle)
Wands
 h - a wand of flame (6)
 k - a wand of paralysis (4)
Scrolls
 i - a scroll of immolation {unknown}
 j - 2 scrolls of amnesia {unknown}
 q - a scroll of torment
 s - a scroll of fog {unknown}
Potions
 o - a potion of resistance {unknown}
 p - 2 potions of attraction
 u - 2 potions of mutation
 w - a potion of invisibility {unknown}


   Skills:
 - Level 2.0 Fighting
 - Level 2.1 Dodging
 - Level 5.0 Stealth
 - Level 8.0 Spellcasting
 - Level 4.5 Conjurations
 - Level 2.0 Summonings
 - Level 1.2 Translocations
 + Level 9.2 Ice Magic
 - Level 5.0 Air Magic


You had 19 spell levels left.
You knew the following spells:

 Your Spells              Type           Power      Damage    Failure   Level
a - Magic Dart            Conj           100%       1d8       1%          1
b - Call Imp              Summ           21%        N/A       3%          2
c - Frozen Ramparts       Ice            100%       1d12      1%          3

Your spell library contained the following spells:

 Spells                   Type           Power      Damage    Failure   Level
 Freeze                   Ice            100%       1d11      1%          1
 Ensorcelled Hibernation  Hex/Ice        70%        N/A       1%          2
 Summon Small Mammal      Summ           84%        N/A       2%          1
 Apportation              Tloc           34%        N/A       3%          1
 Hailstorm                Conj/Ice       47%        3d11      3%          4
 Blink                    Tloc           34%        N/A       4%          2
 Mephitic Cloud           Conj/Pois/Air  27%        N/A       4%          3
 Animate Skeleton         Necr           20%        N/A       5%          1
 Beastly Appendage        Tmut           20%        N/A       5%          1
 Slow                     Hex            40%        N/A       5%          1
 Conjure Flame            Conj/Fire      22%        6-21      6%          3
 Scorch                   Fire           20%        2d6       8%          2
 Wereblood                Tmut           10%        N/A       8%          2
 Spider Form              Tmut/Pois      10%        N/A       16%         3
 Flame Wave               Conj/Fire      22%        2d7       21%         4
 Anguish                  Hex/Necr       5%         N/A       45%         4
 Summon Cactus Giant      Summ           10%        N/A       98%         6
 Dispersal                Tloc           8%         N/A       99%         6
 Disjunction              Tloc           8%         N/A       100%        8
 Necromutation            Tmut/Necr      5%         N/A       100%        8
 Summon Horrible Things   Summ           10%        N/A       100%        8
 Animate Armour           Summ/Erth      Unusable   N/A       N/A         4

Dungeon Overview and Level Annotations

Branches:
Dungeon (9/15)             Temple (1/1) D:7            Lair (1/6) D:8
  IceCv (1/1)
    Orc: D:9-12

Altars:
Ashenzari
Fedhas
Gozag
Hepliaklqana
Kikubaaqudgha
Nemelex Xobeh
Okawaru
Qazlal
Ru
Sif Muna
Uskayaw
Vehumet
Xom
Yredelemnul
Zin

Shops:
D:1 [   D:4 =   D:5 ?   D:7 ***

Annotations:
IceCv exclusion: ice statue


Innate Abilities, Weirdness & Mutations

You cannot wear most types of armour.
You are amphibious.
You can wear up to eight rings at the same time.
Your skin changes colour to match your surroundings (Stealth+).
Your rubbery body absorbs attacks. (AC +1, EV +1)
((You are camouflaged when in or above water. (Stealth+)))
You have tentacles for arms and can constrict up to eight enemies at once.
You are partially covered in iridescent scales. (AC +2)
You are agile. (Dex +2)
You tend to lose your temper in combat.


Message History

A rime drake, 2 polar bears, a wolf and 2 yaks come into view.
The polar bear growls angrily.
The yak bellows! x2
The rime drake hisses angrily.
The polar bear growls angrily.
You hear a bellow!
The wolf closely misses you.
You hear a bellow!
As you read the scroll of teleportation, it crumbles to dust.
You feel strangely unstable. The wolf closely misses you. The wolf misses you.
The yak gores you.
* * * LOW HITPOINT WARNING * * *
You feel better. The wolf completely misses you.
A death yak comes into view.
The polar bear closely misses you. The polar bear claws you.
The polar bear claws you but does no damage.
The yak completely misses you. The wolf bites you but does no damage.
The yak gores you.
Your surroundings suddenly seem different.
An ice statue and a death yak come into view.
The death yak closely misses you.
Marking area around an ice statue as unsafe for travelling.
Aiming: Paralyse
Press: ? - help, Shift-Dir - straight line, f - death yak
Aim: a death yak (chance to affect: 1%)
The death yak resists with almost no effort.
The death yak gores you!
* * * LOW HITPOINT WARNING * * *
The ice statue gestures.
Aiming: Paralyse
Press: ? - help, Shift-Dir - straight line, f/p - death yak
Aim: a death yak (chance to affect: 1%)
The death yak resists with almost no effort.
The death yak gores you!
* * * LOW HITPOINT WARNING * * *
Unknown command.
It was a potion of mutation.
You feel extremely strange.
Iridescent scales grow over part of your body.
You feel agile.
You feel a little pissed off. The death yak barely misses you.
The yak gores you!
You die...
Your body crumbles into a pile of gold.

# .### ##...8#
###...Y... #.@.....#
## #...YY...##
#####...
#.......#######.......
#.......###.hh....#
##.....#.Y.hkY..###
##............##
##..........##
##.#....#.## #
##..####


You could see a death yak, an ice statue, a yak and an ice beast (summoned).

Vanquished Creatures
  4 water moccasins
  An ice beast (D:6)
  3 sky beasts
  7 black bears
  A necrophage (D:7)
  5 centaurs
  2 kobold brigands
  3 bullfrogs
  A gnoll sergeant (D:5)
  2 scorpions (D:5)
  A jelly (D:7)
  2 water moccasin zombies
  9 wights
  5 howler monkeys
  A centaur zombie (D:8)
  A bullfrog zombie (D:6)
  4 hounds
  Crazy Yiuf (D:4)
  A gnoll shaman (D:6)
  A bullfrog skeleton (D:5)
  2 orc priests (D:3)
  3 iguanas
  Terence (D:3)
  2 orc wizards
  2 howler monkey zombies
  11 gnolls
  7 adders
  9 white imps
  3 ufetubi
  19 orcs
  2 bats
  6 endoplasms
  7 giant cockroaches
  7 goblins
  6 hobgoblins
  6 jackals
  14 kobolds
  4 quokkas
  2 ball pythons
  3 frilled lizards
  9 rats
180 creatures vanquished.

Vanquished Creatures (collateral kills)
  Prince Ribbit (D:7)
  A wight (D:7)
  A hound (D:5)
  2 white imps (Lair:1)
  An orc (D:7)
6 creatures vanquished.

Vanquished Creatures (others)
  49 fungi (D:8)
  51 plants (D:8)
100 creatures vanquished.

Grand Total: 286 creatures vanquished

Notes
Turn   | Place    | Note
-------+----------+-------------------------------------------
     0 | D:1      | thiole the Octopode Hedge Wizard began the quest for the
                  | Orb.
     0 | D:1      | Reached XP level 1. HP: 11/11 MP: 4/4
   380 | D:1      | Reached XP level 2. HP: 12/17 MP: 0/6
   808 | D:1      | Found Alapsa Xeat's Armour Boutique.
   976 | D:1      | Reached XP level 3. HP: 18/21 MP: 7/7
  1653 | D:2      | Reached skill level 1 in Fighting
  1653 | D:2      | Reached XP level 4. HP: 17/28 MP: 5/8
  1974 | D:2      | Found a faded altar of an unknown god.
  2359 | D:2      | Found an iron altar of Okawaru.
  2501 | D:3      | Noticed Terence
  2515 | D:3      | Killed Terence
  2833 | D:3      | Reached XP level 5. HP: 31/34 MP: 7/9
  2860 | D:3      | Reached skill level 5 in Stealth
  3189 | D:3      | Found a broken altar of Ashenzari.
  3717 | D:4      | Found Lausen's Jewellery Emporium.
  3939 | D:4      | Reached XP level 6. HP: 8/39 MP: 2/10
  4239 | D:4      | Found the +3 robe of Clouds {*Thunder rCloud rElec}
  4472 | D:4      | Found a runed translucent door.
  4473 | D:4      | Noticed Crazy Yiuf
  4632 | D:4      | Killed Crazy Yiuf
  4811 | D:5      | Entered Level 5 of the Dungeon
  4817 | D:4      | Learned a level 2 spell: Call Imp
  4821 | D:4      | Learned a level 3 spell: Frozen Ramparts
  4870 | D:5      | Found Xuiggy's Magic Scroll Boutique.
  4898 | D:5      | Reached skill level 1 in Ice Magic
  5114 | D:5      | Reached XP level 7. HP: 27/45 MP: 7/12
  5157 | D:5      | Reached skill level 2 in Ice Magic
  5600 | D:5      | Reached skill level 3 in Ice Magic
  6150 | D:5      | Reached skill level 4 in Ice Magic
  6892 | D:6      | Reached skill level 5 in Ice Magic
  6892 | D:6      | Reached XP level 8. HP: 7/50 MP: 9/14
  7223 | D:6      | Reached skill level 5 in Spellcasting
  7945 | D:7      | Reached skill level 6 in Ice Magic
  7993 | D:7      | Found Iroutuq's Specific Store.
  8351 | D:7      | Reached skill level 7 in Ice Magic
  8351 | D:7      | Reached XP level 9. HP: 52/54 MP: 10/18
  8921 | D:7      | Found a staircase to the Ecumenical Temple.
  8926 | D:7      | Found Vydua's Assorted Antiques.
  8951 | Temple   | Entered the Ecumenical Temple
  9124 | Temple   | Became a worshipper of Gozag Ym Sagoz the Greedy
 10423 | D:7      | Found Jeataer's General Store.
 10554 | D:7      | Noticed Prince Ribbit
 10560 | D:7      | Killed Prince Ribbit
 11449 | D:8      | Reached skill level 5 in Air Magic
 11556 | D:8      | Reached XP level 10. HP: 37/60 MP: 4/22
 11708 | D:8      | Got the Almanac of Black Secrets and Companions
 11720 | D:8      | Reached skill level 8 in Ice Magic
 12004 | D:4      | Bought a +4 ring of protection for 468 gold pieces
 12130 | D:8      | Reached skill level 9 in Ice Magic
 12275 | D:8      | Found a staircase to the Lair.
 12649 | D:9      | Noticed a two-headed ogre
 12918 | D:4      | Bought a ring of see invisible for 195 gold pieces
 13019 | Lair:1   | Entered Level 1 of the Lair of Beasts
 13032 | Lair:1   | Noticed a seven-headed hydra
 13075 | Lair:1   | Found a frozen archway.
 13085 | IceCv    | Entered an ice cave
 13095 | IceCv    | Noticed a death yak
 13097 | IceCv    | Noticed an ice statue
 13097 | IceCv    | Noticed a death yak
 13099 | IceCv    | HP: 2/60 [death yak (7)]
 13100 | IceCv    | Gained mutation: You are partially covered in iridescent
                  | scales. (AC +2) [potion of mutation]
 13100 | IceCv    | Gained mutation: You are agile. (Dex +2) [potion of
                  | mutation]
 13100 | IceCv    | Gained mutation: You tend to lose your temper in combat.
                  | [potion of mutation]
 13100 | IceCv    | Mangled by a yak

Illustrated notes

Levels and vault maps discovered:
D:1:      kilobyte_arrival_exit_the_forest, layout_loops_ring, serial_shops,
          nicolae_diamond_shop, minmay_rat_gold_closets
D:2:      layout_basic, basic_altar, basic_ecumenical_altar
D:3:      layout_loops_cross, mainiacjoe_overflow_alcove_1, uniq_terence
D:4:      layout_rooms, serial_shops, kennysheep_mini, uniq_crazy_yiuf_cottage
D:5:      layout_basic, serial_shops, shop, lemuel_flamethrower_2
D:6:      layout_rooms
D:7:      layout_gridville, temple_fountains, serial_shops, shop,
          nicolae_specific_store, uniq_prince_ribbit1
D:8:      layout_rooms, due_lair_maze_entry_diamond
D:9:      minmay_quarter_circles, layout_long_grid, evilmike_butchery
Temple:   roderic_octagonal_lattice_temple
Lair:1:   layout_chaotic_city, portal_ice_cave_entry_imps,
          chequers_serial_rivers_large_b, minivault_27
IceCv:    ice_cave_small_giant

Skill      XL: |  1  2  3  4  5  6  7  8  9 10 |
---------------+-------------------------------+-----
Conjurations   | 2 3 4 |  4.5
Summonings     | 2 |  2.0
Stealth        | 3 4 5 |  5.0
Fighting       | 1 2 |  2.0
Ice Magic      | 1 5 7 9 |  9.2
Spellcasting   | 4 6 8 |  8.0
Air Magic      | 5 |  5.0
Dodging        | |  2.1
Translocations | |  1.2

Action                   |  1- 3 |  4- 6 |  7- 9 | 10-12 || total
-------------------------+-------+-------+-------+-------++-------
Melee: Dagger            |    69 |   109 |   143 |    31 ||   352
       Tentacles         |    16 |    30 |    32 |    13 ||    91
       Constrict         |    17 |    21 |    30 |    10 ||    78
       Punch             |       |     1 |     3 |     2 ||     6
 Cast: Magic Dart        |     7 |    43 |   188 |    43 ||   281
       Call Imp          |       |     1 |    31 |     3 ||    35
       Frozen Ramparts   |       |       |    26 |     9 ||    35
Evoke: Wand              |       |       |    14 |    15 ||    29
  Use: Scroll            |       |     4 |     6 |     7 ||    17
       Potion            |       |       |     9 |     3 ||    12
 Stab: Sleeping          |    13 |     9 |     5 |       ||    27
       Paralysed         |       |       |     3 |       ||     3
       Distracted        |       |       |     2 |     1 ||     3
Armor: Skin              |     1 |     4 |    26 |     6 ||    37
Dodge: Dodged            |    35 |    38 |    79 |    22 ||   174
